 Dungeon Crawl Stone Soup version 0.21-a0-536-gdbbf329 (webtiles) character file.

739617 toffzen the Axe Maniac (level 27, -11/240 (243) HPs)
             Began as a Minotaur Fighter on Dec 7, 2017.
             Was a High Priest of the Shining One.
             Killed by divine providence
             ... invoked by a greater mummy
              (12 damage)
             ... on level 3 of the Tomb of the Ancients on Dec 14, 2017.
             The game lasted 08:06:50 (95322 turns).

toffzen the Axe Maniac (Minotaur Fighter)          Turns: 95322, Time: 08:06:52

HP:   -11/240 (243) AC: 42    Str: 26      XL:     27
MP:   0/36          EV: 21    Int:  7      God:    the Shining One [*****.]
Gold: 5858          SH:  0    Dex: 19 (21) Spells: 26/26 levels left

rFire    + . .     SeeInvis .   a - +9 executioner's axe (holy)
rCold    + . .     Gourm    .   (shield currently unavailable)
rNeg     + + .     Faith    .   O - +11 gold dragon scales
rPois    +         Spirit   +   (helmet restricted)
rElec    +         Reflect  .   I - scarf {repulsion}
rCorr    .         Harm     .   Z - +1 pair of gloves {Str+3}
MR       ++++.                  q - +0 pair of boots of Agoraphobia {rElec}
Stlth    ..........             e - amulet of guardian spirit
HPRegen  0.00/turn              y - ring of protection from magic
MPRegen  0.25/turn              E - ring of protection from magic

@: lethally poisoned (-11 -> -21), non-regenerating, diseased, slowed, glowing,
repel missiles, very slow
A: retaliatory headbutt, horns 2, blink, blurry vision 1, clever 1, frail 1,
sense surroundings 1, screaming 2
}: 5/15 runes: decaying, serpentine, slimy, silver, abyssal
a: Blink, Divine Shield, Cleansing Flame, Summon Divine Warrior, Renounce
Religion


You were on level 3 of the Tomb of the Ancients.
You worshipped the Shining One.
The Shining One was extremely pleased with you.
You were very full.

You visited 13 branches of the dungeon, and saw 60 of its levels.
You visited the Abyss 1 time.
You visited 1 bazaar.

You collected 7717 gold pieces.
You spent 1859 gold pieces at shops.

Inventory:

Hand Weapons
 a - a +9 executioner's axe of holy wrath (weapon)
 b - the +7 battleaxe of Forgiveness {flame, Int+4}
   (You took it off a death knight on level 5 of the Vaults)

   It has been specially enchanted to burn those struck by it, causing extra
   injury to most foes and up to half again as much damage against particularly
   susceptible opponents.
   Big, fiery blades are also staple armaments of hydra-hunters.
   It affects your intelligence (+4).
Missiles
 i - 1902 stones (quivered)
 Q - 6 throwing nets
Armour
 q - the +0 pair of boots of Agoraphobia (worn) {rElec}
   (You acquired it on level 3 of the Crypt)

   It insulates you from electricity.
 I - a scarf of repulsion (worn)
 O - +11 gold dragon scales (worn)
 V - a +2 pair of boots of flying
 Z - a +1 pair of gloves of strength (worn)
Jewellery
 c - an uncursed amulet of rage {unknown}
 e - an amulet of guardian spirit (around neck)
 f - an uncursed ring of protection from fire {unknown}
 h - an uncursed ring of resist corrosion
 v - an uncursed amulet of rage {unknown}
 y - a ring of protection from magic (left hand)
 A - a +2 amulet of reflection
 E - a ring of protection from magic (right hand)
 M - an uncursed amulet of regeneration
 R - a +4 ring of slaying
Wands
 k - a wand of acid (26)
 B - a wand of paralysis (49)
 C - a wand of polymorph (17)
 P - a wand of flame (67)
Scrolls
 g - 6 scrolls of immolation
 j - 4 scrolls of vulnerability
 m - 13 scrolls of fog
 n - 27 scrolls of remove curse
 p - 18 scrolls of teleportation
 r - 21 scrolls of fear
 x - 3 scrolls of holy word
 K - 4 scrolls of identify
 N - 4 scrolls of magic mapping
 S - a scroll of enchant weapon
 X - 4 scrolls of brand weapon
 Y - a scroll of blinking
Potions
 d - 5 potions of lignification
 o - 11 potions of curing
 s - 4 potions of cancellation
 t - 2 potions of berserk rage
 u - 10 potions of degeneration
 w - 3 potions of mutation
 T - 4 potions of resistance
 U - a potion of might
 W - 4 potions of flight
Miscellaneous
 l - 2 boxes of beasts
 D - 3 phantom mirrors
 H - 3 sacks of spiders
Comestibles
 F - 27 bread rations
 L - 10 fruits


   Skills:
 + Level 26.5 Fighting
 O Level 27 Axes
 + Level 25.4 Armour
 + Level 22.8 Dodging
   Level 15.1 Shields
 + Level 21.9 Invocations


You had 26 spell levels left.
You didn't know any spells.

Dungeon Overview and Level Annotations

Branches:
Dungeon (15/15)            Temple (1/1) D:4            Lair (6/6) D:11
  Swamp (4/4) Lair:2        Snake (4/4) Lair:2        Slime (5/5) Lair:5
    Orc (2/2) D:11            Elf (2/3) Orc:2        Vaults (5/5) D:14
  Crypt (3/3) Vaults:3       Tomb (3/3) Crypt:3      Depths (5/5) D:15
    Zot (5/5) Depths:5

Altars:
Ashenzari
Cheibriados
Dithmenos
Elyvilon
Fedhas
Gozag
Hepliaklqana
Kikubaaqudgha
Makhleb
Nemelex Xobeh
Okawaru
Qazlal
Ru
Sif Muna
Trog
Uskayaw
Vehumet
Wu Jian
Xom
Yredelemnul
Zin
The Shining One
Beogh
Jiyva

Shops:
D:4 (   Orc:1 [*}   Orc:2 (*:[(   Elf:1 [*}%   Snake:4 ?!!!

Portals:
Hell: Depths:1 Depths:2 Depths:3 Depths:4 Depths:5
Abyss: Depths:1 Depths:2 Depths:4
Pandemonium: Depths:1 Depths:3
Ziggurat: Depths:4

Annotations:
D:9 4 runed doors, 1 exclusion
Lair:3 exclusion: 2 oklob plants
Snake:3 Vashnia
Orc:2 2 runed doors, exclusion: orange crystal statue
Crypt:3 exclusion: 3 doors
Depths:2 exclusion: upstairs


Innate Abilities, Weirdness & Mutations

You reflexively headbutt those who attack you in melee.
You have a pair of horns on your head.
You can translocate small distances at will.
Scrolls take you a little longer to read.
Your mind is acute. (Int +2)
You are frail. (-10% HP)
You passively map a small area around you.
You sometimes yell uncontrollably at your foes.


Message History

The vile air hits you!
Your gold dragon scales prevents you from hitting the bennu.
The bennu is heavily wounded.
You feel sick. The bennu misses you. You furiously retaliate!
You headbutt the bennu! The bennu barely misses you.
The bennu completely misses you.
The greater mummy mumbles some strange words.
The bennu misses you. The bennu completely misses you. The bennu claws you.
* * * LOW HITPOINT WARNING * * *
You slice the bennu!!
The bennu is almost dead.
You slash the phantasmal warrior!
The phantasmal warrior convulses!
* * * LOW HITPOINT WARNING * * *
You feel sick. The phantasmal warrior hits you!
* * * LOW HITPOINT WARNING * * *
The bennu pecks you but does no damage. The bennu completely misses you.
The bennu misses you.
The greater mummy points at you and mumbles some strange words.
Something smites you!
You die... * , ....#*, , ....<# ..WM , ......# .MM. ....... * .MMMn

* ,
.......##.MSMM§#
,,
........#zMMZSW#
$.......#MM8MZM#,
$.^....WbMz3MMM'
,,,
$$....§@#b...M.#
, ,
$$...^..#.MMMbM#
, ,
$$$....##.zMMzb#
**
)$$....*#MWMWzL#*
|$$...#


#.MWMzA# , , *)$$..# #M8M3M§# #####* ######## You could see 5 greater mummies, a
bennu, 4 mummy priests, 2 skeletal warriors, a sun demon, 2 phantasmal warriors,
2 mana vipers, 6 guardian mummies, an ushabti, a necrophage, a shadow, 4
mummies, a shadow dragon zombie and an ice dragon skeleton.

Vanquished Creatures
  the Royal Jelly (Slime:5)
  3 ancient liches
  2 orbs of fire (Zot:5)
  Mennas (Vaults:4)
  A juggernaut (Depths:4)
  Mara (Snake:4)
  15 greater mummies
  Boris (Tomb:3)
  Frederick (Vaults:3)
  A caustic shrike (Depths:4)
  2 Killer Klowns (Zot:5)
  4 curse toes
  Xtahua (Crypt:1)
  A profane servitor (Abyss:3)
  7 golden dragons
  4 bone dragons
  A hellephant (Abyss:1)
  Jorgrun (Depths:1)
  3 electric golems
  7 liches
  13 tentacled monstrosities
  3 quicksilver dragons
  Asterion (Vaults:2)
  19 Orb Guardians (Zot:5)
  A deep elf blademaster (Elf:2)
  11 titans
  27 acid blobs
  7 ancient champions
  Frances (Swamp:2)
  7 sphinxes
  An eldritch tentacle (Zot:2)
  8 death cobs
  6 shadow dragons
  8 tengu reavers
  6 draconian monks
  5 nagarajas (Snake:4)
  Donald (Vaults:3)
  5 revenants
  16 azure jellies
  15 storm dragons
  2 thorn hunters
  4 fire giants
  The ghost of Syneil the Severer, a journeyman MiFi of Wu Jian (Snake:1)
  3 deep elf sorcerers
  6 frost giants
  An iron dragon (Depths:4)
  5 draconian knights
  8 vault wardens
  3 draconian scorchers
  Aizul (Snake:1)
  5 draconian shifters
  An orc warlord (Vaults:4)
  The ghost of Demitroll the Grappler, a journeyman TrEE of Cheibriados (Lair:4)
  2 cacodemons
  A curse skull (Crypt:1)
  3 draconian stormcallers
  7 ironheart preservers
  6 draconian annihilators
  2 deep elf elementalists
  5 war gargoyles
  2 spriggan defenders
  5 ghouls
  28 very ugly things
  12 stone giants
  9 vampire knights
  10 green draconians
  An entropy weaver (Vaults:4)
  11 bennus
  13 white draconians
  8 yellow draconians
  8 black draconians
  11 red draconians
  2 deep elf demonologists
  4 deep elf annihilators
  3 spark wasps (Depths:4)
  12 purple draconians
  A spark wasp (shapeshifter) (Depths:1)
  Snorg (D:10)
  7 deep elf death magi
  9 mummy priests
  15 ettins
  14 fire dragons
  2 green deaths (Depths:2)
  11 jiangshi
  5 death oozes
  A merfolk impaler (Depths:2)
  An ettin (shapeshifter) (Depths:5)
  4 eidola
  19 yaktaur captains
  The ghost of murphy the Fighter, a journeyman DsCK of Xom (D:13)
  A quicksilver dragon zombie (Crypt:2)
  3 deep elf high priests (Vaults:5)
  29 vault guards
  12 ice dragons
  6 rakshasas
  8 great orbs of eyes
  2 ghost crabs
  2 alligator snapping turtles (Depths:2)
  9 naga warriors
  A merfolk avatar (Lair:6)
  6 death knights
  3 alligators (Swamp:2)
  24 hydras
  Erica (D:8)
  3 anacondas
  2 catoblepae
  2 spriggan air magi
  13 ogre magi
  11 centaur warriors
  8 death yaks
  4 death scarabs
  7 deep troll earth magi
  6 deep troll shamans
  5 tengu warriors
  36 two-headed ogres
  3 vampire magi
  Urug (D:14)
  21 dancing weapons
  12 naga sharpshooters
  A thrashing horror (Abyss:3)
  2 shock serpents (shapeshifter)
  2 orc high priests
  4 shock serpents
  2 spriggan berserkers
  A sun demon (Depths:3)
  10 deep elf knights
  8 wretched stars
  A storm dragon zombie (Abyss:3)
  2 iron trolls
  5 shadow wraiths
  A spatial maelstrom (Abyss:2)
  27 skeletal warriors
  Nergalle (Lair:1)
  32 deep trolls
  A sea snake (Lair:6)
  An unseen horror (D:10)
  4 salamander mystics
  7 flayed ghosts
  An unseen horror (shapeshifter) (Vaults:4)
  3 shambling mangroves
  6 swamp dragons
  12 deep elf archers
  2 wizards (D:14)
  A spriggan druid (Swamp:4)
  A glowing orange brain (shapeshifter) (Vaults:4)
  A golden dragon skeleton (Tomb:1)
  4 phantasmal warriors
  8 glowing orange brains
  20 ironbrand convokers
  Pikel (D:5)
  4 naga ritualists
  A wolf spider zombie (Crypt:3)
  4 harpies
  16 orc knights
  A mana viper (shapeshifter) (Depths:4)
  5 necromancers
  60 ugly things
  43 deep elf magi
  7 mana vipers
  8 orc sorcerers
  A harpy (shapeshifter) (Vaults:2)
  A salamander (shapeshifter) (Depths:1)
  A frost giant zombie (Vaults:1)
  3 wolf spiders
  19 salamanders
  3 manticores
  3 worldbinders (Abyss:3)
  A faun (shapeshifter) (Vaults:5)
  6 cyclopes
  7 shining eyes
  A human zombie (Vaults:4)
  19 black mambas
  3 centaur zombies
  7 elephants (Lair:6)
  A guardian serpent (Snake:4)
  A black mamba (shapeshifter) (Vaults:5)
  A stone giant skeleton (Tomb:1)
  2 rust devils (Depths:3)
  28 moths of wrath
  A fire giant skeleton (Crypt:2)
  Maurice (Orc:1)
  13 naga magi
  A torpor snail (Lair:5)
  4 eyes of devastation
  12 vault sentinels
  A water nymph (shapeshifter) (Vaults:5)
  3 smoke demons
  A spiny frog (shapeshifter) (Elf:1)
  A gargoyle (D:13)
  A storm dragon simulacrum (Vaults:3)
  3 centaur skeletons
  15 spiny frogs
  An orange demon (Depths:3)
  Joseph (D:8)
  A black draconian zombie (Crypt:2)
  A purple draconian zombie (Crypt:2)
  2 shock serpent skeletons
  A catoblepas zombie (Tomb:1)
  36 yaktaurs
  3 kobold demonologists
  An efreet (Abyss:2)
  A yaktaur zombie (Vaults:1)
  A komodo dragon (shapeshifter) (Depths:1)
  5 rime drakes
  10 freezing wraiths
  10 komodo dragons
  A human skeleton (Vaults:1)
  3 tengu conjurers
  4 meliai (Abyss:3)
  A minotaur zombie (Crypt:2)
  2 red devils
  A meliai (shapeshifter) (Vaults:3)
  3 polar bears (Lair:6)
  4 ancient zymes
  27 guardian mummies
  A queen bee (Abyss:3)
  8 trolls
  18 hornets
  A hornet (shapeshifter) (Vaults:3)
  A raiju (shapeshifter) (Vaults:1)
  8 dream sheep
  11 large abominations
  16 blink frogs
  2 guardian serpent zombies
  7 tyrant leeches
  16 bog bodies
  A meliai zombie (Crypt:3)
  A hippogriff (shapeshifter) (Vaults:4)
  5 raiju
  A dream sheep (shapeshifter) (Elf:2)
  An ettin zombie (Tomb:2)
  A slime creature (shapeshifter) (Vaults:5)
  131 slime creatures
  A fire giant simulacrum (Vaults:4)
  7 air elementals (Depths:5)
  2 satyr skeletons (Crypt:2)
  8 hippogriffs
  8 water elementals
  2 ynoxinuls
  5 shadows
  An alligator skeleton (Tomb:1)
  24 flying skulls
  A vampire (Depths:2)
  9 wraiths
  11 redbacks
  12 spriggans
  5 ushabtiu (Tomb:1)
  4 wyverns
  62 yaks
  11 golden eyes
  A steam dragon (D:10)
  4 basilisks
  18 humans (D:14)
  24 vampire mosquitoes
  2 chaos spawn
  3 hungry ghosts
  2 humans (shapeshifter)
  A golden eye (shapeshifter) (D:15)
  A spatial vortex (Abyss:2)
  62 nagas
  2 neqoxecs
  A swamp worm (shapeshifter) (Vaults:1)
  4 wargs
  28 swamp worms
  4 insubstantial wisps (Swamp:2)
  2 ogre zombies
  4 acid dragons
  2 two-headed ogre zombies (Crypt:3)
  2 floating eyes (shapeshifter)
  A floating eye (Depths:3)
  12 water moccasins
  11 swamp drakes
  4 porcupines
  3 ice beasts
  4 sky beasts
  A slave (D:5)
  2 black bears
  2 hornet zombies
  53 orc warriors
  9 eyes of draining
  A phantom (D:9)
  A lindwurm zombie (Crypt:2)
  A snapping turtle zombie (Tomb:2)
  27 starcursed masses
  2 necrophages
  31 ogres
  10 wolves
  4 boggarts (Vaults:1)
  12 small abominations
  4 centaurs
  14 crocodiles
  2 big kobolds (D:7)
  Blork the orc (D:6)
  16 bullfrogs
  A wyvern zombie (D:11)
  4 earth elementals
  A hippogriff skeleton (Crypt:2)
  5 scorpions
  A human simulacrum (Vaults:4)
  15 killer bees
  A spriggan skeleton (Crypt:3)
  A howler monkey (D:9)
  17 wights
  6 electric eels (D:9)
  A bullfrog zombie (D:10)
  7 crimson imps
  A wolf skeleton (Crypt:1)
  9 jellies
  A quasit (D:13)
  20 orc priests
  A demonspawn zombie (Crypt:1)
  11 hounds
  A bullfrog skeleton (D:12)
  27 orc wizards
  A gnoll shaman (D:10)
  2 iron imps
  A demonspawn skeleton (Crypt:3)
  7 iguanas
  5 worker ants
  A killer bee zombie (D:10)
  2 hound zombies
  A hound skeleton (D:10)
  47 mummies
  A worker ant zombie (D:10)
  19 adders
  8 gnolls
  A howler monkey skeleton (D:7)
  5 shadow imps
  A white imp (Abyss:1)
  2 ufetubi
  2 oozes (Lair:5)
  An adder zombie (Crypt:1)
  2 halfling skeletons
  An adder skeleton (D:5)
  4 worms
  2 dart slugs
  5 leopard geckos
  151 orcs
  A ball python (D:4)
  4 bats
  5 giant cockroaches
  9 goblins
  5 hobgoblins
  12 jackals
  6 quokkas
  7 frilled lizards
  A jackal skeleton (D:4)
  16 kobolds
  A quokka zombie (Crypt:1)
  4 rats (D:1)
  2 rat zombies (D:6)
  2 fungi
  A plant (Lair:6)
2640 creatures vanquished.

Vanquished Creatures (collateral kills)
  2 orbs of fire (Zot:5)
  11 greater mummies
  Boris (Depths:5)
  2 Killer Klowns (Zot:5)
  the Enchantress (D:15)
  An electric golem (Zot:5)
  2 tentacled monstrosities (Zot:5)
  6 Orb Guardians (Zot:5)
  A quicksilver dragon (Depths:5)
  A titan (Depths:4)
  A death cob (Zot:5)
  An ancient champion (Crypt:3)
  3 sphinxes
  A shadow dragon (Zot:1)
  2 tengu reavers (Depths:4)
  2 revenants
  An orc warlord (Orc:2)
  A deep elf sorcerer (Depths:4)
  A draconian stormcaller (Zot:5)
  A vault warden (Vaults:5)
  4 very ugly things
  A spriggan defender (D:15)
  A black draconian (Zot:5)
  A purple draconian (Zot:5)
  2 bennus
  A green draconian (Zot:2)
  A mummy priest (Tomb:2)
  2 jiangshi
  A yaktaur captain (Vaults:4)
  An ice dragon (Depths:5)
  4 hydras
  A spriggan air mage (Depths:5)
  A two-headed ogre (Vaults:4)
  3 death scarabs
  3 dancing weapons (Elf:2)
  2 sun demons (Depths:1)
  A deep elf knight (Elf:2)
  2 spriggans
  3 skeletal warriors
  A swamp dragon (Swamp:4)
  A flayed ghost (Depths:4)
  2 wolf spiders
  A manticore (shapeshifter) (Depths:4)
  A frost giant skeleton (Tomb:2)
  A stone giant skeleton (Tomb:1)
  A hellion (Depths:1)
  A komodo dragon (Lair:6)
  A red devil (Depths:1)
  7 guardian mummies
  2 hornets
  A slime creature (Depths:1)
  4 flying skulls
  An ushabti (Tomb:1)
  An ice dragon skeleton (Tomb:1)
  A large abomination (Abyss:3)
  An ettin skeleton (Crypt:3)
  A neqoxec (Depths:1)
  A swamp worm (Swamp:2)
  A water moccasin (Lair:6)
  An orc warrior (Orc:2)
  A swamp drake (Swamp:2)
  A swamp dragon zombie (Tomb:2)
  A quasit (Depths:1)
  An orc wizard (Orc:2)
  6 mummies
  A shadow imp (Depths:1)
  An orc (Vaults:5)
121 creatures vanquished.

Vanquished Creatures (others)
  A lich (Depths:4)
  2 revenants (Tomb:2)
  A draconian stormcaller (Zot:2)
  An ironheart preserver (Vaults:4)
  A bennu (Tomb:2)
  A slime creature (D:12)
  A mummy priest (Tomb:2)
  A yaktaur captain (Depths:5)
  A centaur warrior (Depths:4)
  A spriggan air mage (Depths:5)
  A death knight (Crypt:2)
  16 death scarabs (Tomb:2)
  2 deep trolls (Depths:5)
  7 moths of wrath (Zot:5)
  A freezing wraith (Crypt:2)
  9 yaktaurs
  2 guardian mummies (Tomb:2)
  A meliai (Abyss:3)
  A raiju (Abyss:3)
  2 dream sheep (Lair:5)
  A blink frog (Lair:5)
  2 flying skulls (Tomb:3)
  A killer bee (Abyss:3)
  2 mummies (Tomb:2)
  An orc (Vaults:5)
  3 briar patches (Swamp:4)
  8 bushes (Elf:2)
  8 fungi
  9 plants
88 creatures vanquished.

Grand Total: 2849 creatures vanquished

Notes
Turn   | Place    | Note
-------+----------+-------------------------------------------
     0 | D:1      | toffzen the Minotaur Fighter began the quest for the Orb.
     0 | D:1      | Reached XP level 1. HP: 19/19 MP: 0/0
   135 | D:1      | Reached XP level 2. HP: 24/27 MP: 1/1
   730 | D:2      | Reached skill level 3 in Axes
   730 | D:2      | Reached XP level 3. HP: 28/33 MP: 2/2
  1285 | D:2      | Reached XP level 4. HP: 40/41 MP: 3/3
  1703 | D:3      | Found a faded altar of an unknown god.
  2357 | D:3      | Found a shattered altar of Ashenzari.
  2615 | D:3      | Reached XP level 5. HP: 47/47 MP: 4/4
  2975 | D:4      | Found Doamet's Antique Weapon Emporium.
  3029 | D:4      | Reached skill level 5 in Fighting
  3029 | D:4      | Reached skill level 4 in Axes
  3088 | D:4      | Found a staircase to the Ecumenical Temple.
  3104 | Temple   | Entered the Ecumenical Temple
  3331 | Temple   | Became a worshipper of the Shining One
  3970 | D:5      | Entered Level 5 of the Dungeon
  4051 | D:5      | Reached skill level 5 in Armour
  4051 | D:5      | Reached skill level 5 in Shields
  4170 | D:5      | Reached XP level 6. HP: 38/56 MP: 5/5
  4409 | D:5      | Reached skill level 1 in Invocations
  4546 | D:5      | Found a sacrificial altar of Ru.
  4578 | D:5      | Noticed a slave
  4622 | D:5      | Killed a slave
  4814 | D:5      | Noticed Pikel
  4814 | D:5      | Noticed a slave
  4815 | D:5      | Noticed a slave
  4859 | D:5      | Killed Pikel
  4859 | D:5      | Reached skill level 5 in Axes
  4859 | D:5      | Reached XP level 7. HP: 27/63 MP: 7/7
  5254 | D:5      | You fall through a shaft for 2 floors!
  5277 | D:7      | Noticed a hippogriff
  5651 | D:6      | Reached XP level 8. HP: 59/71 MP: 9/9
  6009 | D:6      | Reached skill level 6 in Axes
  6130 | D:6      | Reached * piety under the Shining One
  6393 | D:6      | Found a shattered altar of Ashenzari.
  6555 | D:6      | Found a white marble altar of Elyvilon.
  6651 | D:6      | Noticed Blork the orc
  6662 | D:6      | Killed Blork the orc
  6709 | D:6      | Reached XP level 9. HP: 79/79 MP: 11/11
  6826 | D:7      | Reached skill level 7 in Axes
  6860 | D:7      | Reached ** piety under the Shining One
  6875 | D:7      | Reached skill level 5 in Invocations
  7325 | D:7      | Noticed a two-headed ogre
  7337 | D:7      | Killed a two-headed ogre
  7337 | D:7      | Reached skill level 8 in Axes
  7337 | D:7      | Reached XP level 10. HP: 38/90 MP: 7/13
  7849 | D:7      | Found a blossoming altar of Fedhas.
  8880 | D:8      | Noticed Erica
  8903 | D:8      | Killed Erica
  8932 | D:8      | Noticed Joseph
  8950 | D:8      | Reached skill level 9 in Axes
  8956 | D:8      | Killed Joseph
  9483 | D:9      | Reached skill level 1 in Dodging
  9790 | D:9      | Reached XP level 11. HP: 78/99 MP: 15/15
  9943 | D:9      | Found a huge runed gate.
  9943 | D:9      | Found a huge runed gate.
  9946 | D:9      | Noticed a death yak
  9946 | D:9      | Found a huge runed gate.
  9947 | D:9      | Found a huge runed gate.
  9947 | D:9      | Noticed a death yak
  9947 | D:9      | Reached *** piety under the Shining One
  9977 | D:9      | Found an ornate altar of the Wu Jian Council.
 10361 | D:9      | Found an iron altar of Okawaru.
 10361 | D:9      | Found a glowing silver altar of Zin.
 10362 | D:9      | Found a deep blue altar of Sif Muna.
 10669 | D:9      | Reached skill level 10 in Armour
 10669 | D:9      | Reached skill level 10 in Shields
 10799 | D:9      | Found a bloodstained altar of Trog.
 10836 | D:9      | Reached skill level 10 in Fighting
 11403 | D:10     | Entered Level 10 of the Dungeon
 11415 | D:10     | Noticed Snorg
 11427 | D:10     | Killed Snorg
 11435 | D:10     | Noticed an unseen horror
 11442 | D:10     | Killed an unseen horror
 11679 | D:10     | Reached skill level 10 in Axes
 12010 | D:10     | Got a translucent ring mail
 12248 | D:10     | Reached **** piety under the Shining One
 12799 | D:11     | Noticed a two-headed ogre
 12800 | D:11     | Reached ***** piety under the Shining One
 12809 | D:11     | Killed a two-headed ogre
 13074 | D:11     | Reached XP level 12. HP: 107/108 MP: 17/17
 13079 | D:11     | Reached skill level 5 in Dodging
 13276 | D:11     | Found a staircase to the Orcish Mines.
 13363 | D:11     | Noticed a two-headed ogre
 13374 | D:11     | Killed a two-headed ogre
 13382 | D:11     | Found a staircase to the Lair.
 13543 | Lair:1   | Entered Level 1 of the Lair of Beasts
 13638 | Lair:1   | Reached skill level 11 in Axes
 14096 | Lair:1   | Noticed Nergalle
 14113 | Lair:1   | Killed Nergalle
 14454 | Lair:1   | Noticed a four-headed hydra
 14460 | Lair:1   | Killed a four-headed hydra
 15277 | Lair:2   | Found a staircase to the Swamp.
 15299 | Lair:2   | Found a staircase to the Snake Pit.
 16374 | Lair:3   | You fall through a shaft for 3 floors!
 16374 | Lair:6   | Entered Level 6 of the Lair of Beasts
 16413 | Lair:5   | Reached XP level 13. HP: 117/117 MP: 18/18
 17081 | Lair:3   | Identified the +1 ring mail of Gravity {rF- Regen+ MP+9} (You took it off an orc priest on level 10 of the Dungeon)
 17426 | Lair:3   | Reached skill level 12 in Axes
 17771 | Lair:4   | Upgraded the game from 0.21-a0-525-ga34b322 to 0.21-a0-529-g8c7b3f5
 18134 | Lair:4   | Noticed Demitroll's ghost (journeyman TrEE)
 18229 | Lair:4   | Killed Demitroll's ghost
 18872 | Lair:5   | Found a staircase to the Slime Pits.
 19687 | Lair:6   | Reached skill level 10 in Invocations
 20143 | Lair:6   | Reached XP level 14. HP: 126/127 MP: 20/20
 21126 | Lair:6   | Got a glittering bone ring
 21309 | Lair:6   | Identified the ring of Uskayaw's Outrage {*Tele rPois rN+ Slay+3} (You found it on level 6 of the Lair of Beasts)
 21624 | D:12     | Reached skill level 13 in Axes
 23497 | D:13     | Noticed murphy's ghost (journeyman DsCK)
 23520 | D:13     | Killed murphy's ghost
 24288 | D:14     | Noticed Urug
 24307 | D:14     | Killed Urug
 25654 | D:14     | Reached XP level 15. HP: 137/137 MP: 22/22
 25695 | D:14     | Found a gate to the Vaults.
 25729 | D:14     | Reached skill level 10 in Dodging
 25994 | D:15     | Entered Level 15 of the Dungeon
 26143 | D:15     | Reached ****** piety under the Shining One
 26157 | D:15     | Gained mutation: You occasionally shout uncontrollably at your foes. [a neqoxec]
 26607 | D:15     | Reached skill level 14 in Axes
 27258 | D:15     | Found a staircase to the Depths.
 27847 | Orc:1    | Entered Level 1 of the Orcish Mines
 28187 | Orc:1    | Noticed Maurice
 28212 | Orc:1    | Killed Maurice
 28605 | Orc:1    | Found Caov's Armour Emporium.
 28775 | Orc:1    | Found Ehyesedime's Gadget Emporium.
 28877 | Orc:2    | Entered Level 2 of the Orcish Mines
 28920 | Orc:1    | Found Puhiduy's Assorted Antiques.
 29270 | Orc:2    | Found a staircase to the Elven Halls.
 29312 | Orc:2    | Found a runed door.
 29327 | Orc:2    | Found the +10 large shield of Ignorance {rN+ Int-4}
 29368 | Orc:2    | Found a runed door.
 29958 | Orc:2    | Found a roughly hewn altar of Beogh.
 29982 | Orc:2    | Noticed an orc warlord
 30000 | Orc:2    | Killed an orc warlord
 30001 | Orc:2    | Found Wysoch Goschy's Antique Armour Emporium.
 30212 | Orc:2    | Found Tegiegub's General Store.
 30219 | Orc:2    | Bought a potion of heal wounds for 80 gold pieces
 30228 | Orc:2    | Found Oralu's Book Emporium.
 30244 | Orc:2    | Found Uqon's Antique Weapon Emporium.
 30251 | Orc:2    | Found Goci's Antique Weapon Boutique.
 30341 | Orc:2    | Found a roughly hewn altar of Beogh.
 31006 | Swamp:1  | Entered Level 1 of the Swamp
 31570 | Swamp:1  | Reached XP level 16. HP: 94/147 MP: 20/24
 32526 | Swamp:2  | Noticed Frances
 32550 | Swamp:2  | Killed Frances
 32550 | Swamp:2  | Reached skill level 15 in Fighting
 32745 | Swamp:2  | Found the +7 longbow "Piercer" {penet, EV-2}
 33232 | Swamp:2  | Reached skill level 15 in Armour
 33437 | Swamp:2  | Reached skill level 15 in Axes
 34394 | Swamp:4  | Entered Level 4 of the Swamp
 35234 | Swamp:4  | Noticed a thorn hunter
 35369 | Swamp:4  | Noticed a thorn hunter
 35394 | Swamp:3  | Killed a thorn hunter
 35502 | Swamp:4  | Killed a thorn hunter
 35806 | Snake:1  | Entered Level 1 of the Snake Pit
 36275 | Snake:1  | Noticed Syneil's ghost (journeyman MiFi)
 36303 | Snake:1  | Killed Syneil's ghost
 36479 | Snake:1  | Identified 2 scrolls of acquirement
 36557 | Snake:1  | Reached XP level 17. HP: 145/157 MP: 25/25
 36751 | Snake:1  | Noticed Aizul
 36779 | Snake:1  | Killed Aizul
 38941 | Snake:3  | Noticed Vashnia
 39095 | Swamp:4  | Reached skill level 16 in Axes
 39842 | Swamp:4  | Got a decaying rune of Zot
 40858 | Snake:4  | Entered Level 4 of the Snake Pit
 41141 | Snake:4  | Noticed Mara
 41147 | Snake:4  | Found Fetitas's Distillery.
 41158 | Snake:4  | Killed Mara
 42515 | Snake:4  | Found Yptio's Distillery.
 42515 | Snake:4  | Found Xejoy's Magic Scroll Shop.
 42541 | Snake:4  | Bought a potion of haste for 140 gold pieces
 42541 | Snake:4  | Bought a potion of might for 56 gold pieces
 42541 | Snake:4  | Bought a potion of heal wounds for 70 gold pieces
 42541 | Snake:4  | Bought a potion of might for 56 gold pieces
 42541 | Snake:4  | Found Unaduud's Distillery.
 42551 | Snake:4  | Bought a scroll of blinking for 112 gold pieces
 42554 | Snake:4  | Bought 2 potions of heal wounds for 180 gold pieces
 42554 | Snake:4  | Bought a potion of resistance for 180 gold pieces
 42554 | Snake:4  | Bought a potion of heal wounds for 90 gold pieces
 42557 | Snake:4  | Bought a potion of haste for 190 gold pieces
 42557 | Snake:4  | Bought a potion of heal wounds for 95 gold pieces
 42784 | Snake:4  | Found a sacrificial altar of Ru.
 43615 | Snake:4  | Reached XP level 18. HP: 165/168 MP: 25/27
 44229 | Snake:4  | Reached skill level 17 in Axes
 44445 | Snake:4  | Got a serpentine rune of Zot
 44840 | Vaults:1 | Entered Level 1 of the Vaults
 45232 | Vaults:1 | Found a shattered altar of Ashenzari.
 46174 | Vaults:1 | Reached skill level 15 in Shields
 46732 | Vaults:2 | Noticed Asterion
 46756 | Vaults:2 | Killed Asterion
 47166 | Vaults:1 | Reached skill level 18 in Axes
 47836 | Vaults:2 | Got a dazzling chain mail
 47983 | Vaults:2 | Identified the +8 chain mail "Jisygrey" {Str+2 Int-3 Dex+2} (You found it on level 2 of the Vaults)
 48513 | Vaults:3 | Upgraded the game from 0.21-a0-529-g8c7b3f5 to 0.21-a0-531-gacddea6
 49206 | Vaults:3 | Reached XP level 19. HP: 170/177 MP: 26/28
 49283 | Vaults:3 | Found a flickering gateway to a bazaar.
 49283 | Vaults:3 | Noticed Donald
 49304 | Vaults:3 | Killed Donald
 49411 | Bazaar   | Entered a bazaar
 49413 | Bazaar   | Found Niuleism's Antique Weapon Boutique.
 49417 | Bazaar   | Found Rufaex's Assorted Antiques.
 49417 | Bazaar   | Found Coethos's Distillery.
 49417 | Bazaar   | Found Cibiseid's General Store.
 49431 | Bazaar   | Bought a potion of heal wounds for 55 gold pieces
 49431 | Bazaar   | Bought a potion of heal wounds for 55 gold pieces
 49431 | Bazaar   | Bought a potion of resistance for 110 gold pieces
 49431 | Bazaar   | Bought a potion of haste for 110 gold pieces
 49820 | Vaults:3 | Found a staircase to the Crypt.
 50336 | Vaults:3 | Noticed Frederick
 50348 | Vaults:3 | Killed Frederick
 51175 | Vaults:4 | Noticed Mennas
 51437 | Vaults:4 | Paralysed by an orc sorcerer for 6 turns
 51778 | Vaults:4 | Reached skill level 19 in Axes
 53096 | Vaults:4 | Killed Mennas
 53096 | Vaults:4 | Reached skill level 15 in Invocations
 53917 | Depths:1 | Entered Level 1 of the Depths
 53925 | Depths:1 | Noticed Jorgrun
 53934 | Depths:1 | Killed Jorgrun
 54153 | Depths:1 | HP: 8/179 [frost giant/battleaxe of freezing (8)]
 54990 | Depths:1 | Reached skill level 15 in Dodging
 55027 | Depths:1 | Noticed the Enchantress
 55233 | Depths:1 | Reached XP level 20. HP: 187/187 MP: 30/30
 55640 | Depths:1 | Found a gateway to Hell.
 55785 | Depths:1 | Reached skill level 20 in Axes
 56290 | D:15     | Killed the Enchantress
 56955 | Depths:1 | Found a one-way gate to the infinite horrors of the Abyss.
 57323 | Depths:1 | Found a one-way gate leading to the halls of Pandemonium.
 58722 | Depths:2 | Found a large runed door.
 58722 | Depths:2 | Found a large runed door.
 58973 | Depths:2 | Noticed a bone dragon
 58992 | Depths:2 | Killed a bone dragon
 59085 | Depths:2 | Noticed a bone dragon
 59130 | Depths:2 | Killed a bone dragon
 60021 | Depths:2 | Reached XP level 21. HP: 198/198 MP: 31/31
 62312 | Depths:3 | Gained mutation: You are occasionally teleported next to monsters. [a cacodemon]
 62327 | Depths:3 | Lost mutation: You are occasionally teleported next to monsters. [potion of mutation]
 62327 | Depths:3 | Lost mutation: You occasionally shout uncontrollably at your foes. [potion of mutation]
 62327 | Depths:3 | Gained mutation: You are robust. (+10% HP) [potion of mutation]
 62327 | Depths:3 | Gained mutation: Your system is resistant to poisons. (rPois) [potion of mutation]
 62486 | Depths:3 | Reached skill level 21 in Axes
 63957 | Depths:4 | Found a gateway to a ziggurat.
 64352 | Depths:4 | Noticed a golden dragon
 64363 | Depths:4 | Killed a golden dragon
 64408 | Depths:4 | Noticed a juggernaut
 64426 | Depths:4 | Killed a juggernaut
 64883 | Depths:4 | Reached XP level 22. HP: 232/232 MP: 31/33
 65273 | Depths:4 | Noticed a caustic shrike
 65290 | Depths:4 | Killed a caustic shrike
 65568 | Depths:5 | Entered Level 5 of the Depths
 67083 | Depths:5 | Noticed Boris
 67092 | Depths:5 | Killed Boris
 67221 | Depths:5 | Found a gate to the Realm of Zot.
 67889 | Elf:1    | Entered Level 1 of the Elven Halls
 67990 | Elf:1    | Found Ymoryol's Food Shop.
 68166 | Elf:1    | Found Biapt's Armour Emporium.
 68376 | Elf:1    | Found Gusm's Gadget Shop.
 68410 | Elf:1    | Bought a +1 pair of gloves of strength for 280 gold pieces
 68730 | Elf:1    | Found Xibuh's Antique Weapon Shop.
 68891 | Elf:1    | Found Zifuh's General Store.
 69236 | Elf:2    | Found a radiant altar of Vehumet.
 69881 | Elf:2    | Found a runed gate.
 69881 | Elf:2    | Found a runed gate.
 69888 | Elf:2    | Found a runed gate.
 70864 | Vaults:5 | Entered Level 5 of the Vaults
 70872 | Vaults:4 | Reached skill level 22 in Axes
 70878 | Vaults:4 | Reached XP level 23. HP: 239/244 MP: 32/34
 72067 | Vaults:5 | Found the +4 robe of Augmentation {Str+4 Int+4 Dex+4}
 72509 | Vaults:5 | Identified A Primer on Witchcraft
 72528 | Vaults:5 | Reached skill level 23 in Axes
 72560 | Vaults:5 | Found the +5 pair of quick blades "Gyre" and "Gimble" {pierce, Dex-3}
 73150 | Vaults:5 | Identified the +7 battleaxe of Forgiveness {flame, Int+4} (You took it off a death knight on level 5 of the Vaults)
 73336 | Vaults:5 | Reached XP level 24. HP: 213/256 MP: 31/34
 73532 | Vaults:5 | Got a silver rune of Zot
 74301 | Vaults:5 | Got a translucent plate armour
 74306 | Vaults:5 | Identified the Collected Works on Displacement
 74321 | Vaults:5 | Identified the +5 plate armour "Zomamuji" {Int+3} (You found it on level 5 of the Vaults)
 75068 | Slime:1  | Entered Level 1 of the Pits of Slime
 75071 | Slime:1  | Lost mutation: You are robust. (+10% HP) [a shining eye]
 75074 | Slime:1  | Gained mutation: You are weak. (Str -2) [a shining eye]
 75079 | Slime:1  | Gained mutation: Armour fits poorly on your strangely shaped body. [a shining eye]
 75099 | Slime:1  | Gained mutation: Your body sometimes deteriorates upon taking damage. [a shining eye]
 75102 | Slime:1  | Gained mutation: You are clumsy. (Dex -2) [a shining eye]
 75107 | Slime:1  | Gained mutation: Potions are less effective at restoring your health. [a shining eye]
 76927 | Slime:5  | Entered Level 5 of the Pits of Slime
 77187 | Slime:5  | Reached skill level 24 in Axes
 77518 | Slime:4  | Gained mutation: Your body often deteriorates upon taking damage. [a shining eye]
 77527 | Slime:4  | Gained mutation: You occasionally shout uncontrollably at your foes. [a shining eye]
 78009 | Slime:3  | Gained mutation: You are very weak. (Str -4) [a shining eye]
 79095 | Slime:5  | Lost mutation: Your body often deteriorates upon taking damage. [potion of mutation]
 79095 | Slime:5  | Lost mutation: You are clumsy. (Dex -2) [potion of mutation]
 79095 | Slime:5  | Lost mutation: Armour fits poorly on your strangely shaped body. [potion of mutation]
 79095 | Slime:5  | Lost mutation: You are very weak. (Str -4) [potion of mutation]
 79095 | Slime:5  | Gained mutation: Your body often deteriorates upon taking damage. [potion of mutation]
 79095 | Slime:5  | Gained mutation: Your flesh is heat resistant. (rF+) [potion of mutation]
 79146 | Slime:5  | Found a viscous altar of Jiyva.
 79307 | Slime:5  | Noticed the Royal Jelly
 79328 | Slime:5  | Killed the Royal Jelly
 79328 | Slime:5  | Reached XP level 25. HP: 192/243 MP: 20/35
 79348 | Slime:5  | Got a vibrating brass ring
 79440 | Slime:5  | Got a slimy rune of Zot
 79452 | Slime:5  | Identified the ring "Yduc" {Wiz Int+4} (You found it on level 5 of the Pits of Slime)
 79477 | Slime:5  | Identified the Collected Works on Feathers and Envenoming
 79559 | Lair:5   | Identified a +7 executioner's axe of holy wrath (a +5 executioner's axe of electrocution blessed by the Shining One)
 79559 | Lair:5   | Received a gift from the Shining One
 79836 | Depths:1 | Lost mutation: Your system is resistant to poisons. (rPois) [potion of mutation]
 79836 | Depths:1 | Lost mutation: You are weak. (Str -2) [potion of mutation]
 79836 | Depths:1 | Gained mutation: You can translocate small distances at will. [potion of mutation]
 79836 | Depths:1 | Gained mutation: You are partially covered in thin metallic scales. (AC +2) [potion of mutation]
 79838 | Depths:1 | Voluntarily entered the Abyss.
 79887 | Abyss:1  | Paralysed by accursed screaming for 1 turns
 80218 | Abyss:3  | Found a corrupted altar of Lugonu.
 80298 | Abyss:3  | Identified the ring "Jaicecwo" {rPois rN+} (You found it on level 3 of the Abyss)
 80344 | Abyss:3  | Found a blossoming altar of Fedhas.
 80587 | Abyss:3  | Got an abyssal rune of Zot
 80624 | Depths:1 | Escaped the Abyss
 80715 | Zot:1    | Entered Level 1 of the Realm of Zot
 80995 | Zot:1    | Reached skill level 25 in Axes
 83683 | Zot:3    | Reached XP level 26. HP: 253/253 MP: 35/35
 84291 | Zot:3    | Reached skill level 26 in Axes
 86365 | Crypt:1  | Entered Level 1 of the Crypt
 86920 | Crypt:1  | Noticed Xtahua
 86929 | Crypt:1  | Killed Xtahua
 87780 | Crypt:3  | Entered Level 3 of the Crypt
 88007 | Crypt:3  | Got a pair of warped boots
 88018 | Crypt:3  | Identified the +0 pair of boots of Agoraphobia {rElec} (You acquired it on level 3 of the Crypt)
 88079 | Crypt:3  | Noticed an ancient lich
 88089 | Crypt:3  | Killed an ancient lich
 88160 | Crypt:3  | Reached XP level 27. HP: 264/264 MP: 35/35
 88200 | Crypt:3  | Reached skill level 27 in Axes
 88442 | Crypt:3  | Noticed an ancient lich
 88448 | Crypt:3  | Noticed an ancient lich
 88658 | Crypt:3  | Found a staircase to the Tomb.
 88667 | Crypt:3  | Upgraded the game from 0.21-a0-531-gacddea6 to 0.21-a0-536-gdbbf329
 89057 | Zot:5    | Entered Level 5 of the Realm of Zot
 89718 | Zot:5    | Noticed an orb of fire
 89727 | Zot:5    | Killed an orb of fire
 89831 | Zot:5    | Noticed an ancient lich
 89844 | Zot:5    | Killed an ancient lich
 89978 | Zot:5    | Noticed an orb of fire
 89979 | Zot:5    | Lost mutation: Potions are less effective at restoring your health. [an orb of fire]
 89981 | Zot:5    | Gained mutation: You sometimes yell uncontrollably at your foes. [an orb of fire]
 89987 | Zot:5    | Killed an orb of fire
 89989 | Zot:5    | Noticed an orb of fire
 89999 | Zot:5    | Gained mutation: You are dopey. (Int -2) [an orb of fire]
 90001 | Zot:5    | Gained mutation: You are agile. (Dex +2) [an orb of fire]
 90004 | Zot:5    | Gained mutation: You expend magic power (3 MP) to strengthen your wands. [an orb of fire]
 90007 | Zot:5    | Killed an orb of fire
 90008 | Zot:5    | Noticed an orb of fire
 90020 | Zot:5    | Killed an orb of fire
 90252 | Zot:5    | Noticed an ancient lich
 90259 | Zot:5    | Killed an ancient lich
 90978 | Crypt:3  | Lost mutation: Your body often deteriorates upon taking damage. [potion of mutation]
 90978 | Crypt:3  | Lost mutation: You are partially covered in thin metallic scales. (AC +2) [potion of mutation]
 90978 | Crypt:3  | Gained mutation: You are frail. (-10% HP) [potion of mutation]
 90978 | Crypt:3  | Gained mutation: Your flesh is cold resistant. (rC+) [potion of mutation]
 90979 | Crypt:3  | Lost mutation: You expend magic power (3 MP) to strengthen your wands. [potion of mutation]
 90979 | Crypt:3  | Lost mutation: Your flesh is heat resistant. (rF+) [potion of mutation]
 90979 | Crypt:3  | Lost mutation: Your flesh is cold resistant. (rC+) [potion of mutation]
 90979 | Crypt:3  | Lost mutation: You can translocate small distances at will. [potion of mutation]
 90979 | Crypt:3  | Gained mutation: You can translocate small distances at will. [potion of mutation]
 90979 | Crypt:3  | Gained mutation: You passively map a small area around you. [potion of mutation]
 91032 | Tomb:1   | Entered Level 1 of the Tomb of the Ancients
 91630 | Tomb:1   | Noticed a greater mummy
 91636 | Tomb:1   | Killed a greater mummy
 92064 | Tomb:2   | Noticed a greater mummy
 92066 | Tomb:2   | Noticed a greater mummy
 92066 | Tomb:2   | Noticed a greater mummy
 92066 | Tomb:2   | Noticed a greater mummy
 92070 | Tomb:2   | Noticed a greater mummy
 92091 | Tomb:2   | Killed a greater mummy
 92094 | Tomb:2   | Killed a greater mummy
 92117 | Tomb:2   | Killed a greater mummy
 92125 | Tomb:2   | Killed a greater mummy
 92150 | Tomb:2   | Killed a greater mummy
 92711 | Tomb:1   | Noticed a greater mummy
 92721 | Tomb:1   | Killed a greater mummy
 92723 | Tomb:1   | Noticed a greater mummy
 92726 | Tomb:1   | Killed a greater mummy
 92735 | Tomb:1   | Noticed a greater mummy
 92736 | Tomb:1   | Killed a greater mummy
 92737 | Tomb:1   | Noticed a greater mummy
 92745 | Tomb:1   | Killed a greater mummy
 92761 | Tomb:1   | Noticed a greater mummy
 92766 | Tomb:1   | Killed a greater mummy
 92791 | Tomb:1   | Noticed a greater mummy
 92805 | Tomb:1   | Killed a greater mummy
 92862 | Tomb:1   | Noticed a greater mummy
 92863 | Tomb:1   | Noticed a greater mummy
 92868 | Tomb:1   | Noticed a greater mummy
 92870 | Tomb:1   | Killed a greater mummy
 92879 | Tomb:1   | Killed a greater mummy
 92882 | Tomb:1   | Killed a greater mummy
 93260 | Tomb:1   | Noticed a greater mummy
 93263 | Tomb:1   | Noticed a greater mummy
 93266 | Tomb:1   | Killed a greater mummy
 93267 | Tomb:1   | Noticed a greater mummy
 93274 | Tomb:1   | Killed a greater mummy
 93287 | Tomb:1   | Killed a greater mummy
 93382 | Tomb:1   | Noticed a greater mummy
 93389 | Tomb:1   | Killed a greater mummy
 93996 | Tomb:1   | Noticed a greater mummy
 93998 | Tomb:1   | Noticed a greater mummy
 93998 | Tomb:1   | Noticed a greater mummy
 94005 | Tomb:1   | Killed a greater mummy
 94011 | Tomb:1   | HP: 10/239 [greater mummy/divine providence (11)]
 94012 | Tomb:1   | Killed a greater mummy
 94023 | Tomb:1   | Killed a greater mummy
 94043 | Tomb:1   | Noticed a greater mummy
 94044 | Tomb:1   | Noticed a greater mummy
 94045 | Tomb:1   | Killed a greater mummy
 94050 | Tomb:1   | Killed a greater mummy
 94345 | Tomb:1   | Noticed a greater mummy
 94352 | Tomb:1   | Killed a greater mummy
 94559 | Tomb:1   | Noticed a greater mummy
 94566 | Tomb:1   | Killed a greater mummy
 95086 | Tomb:2   | Lost mutation: You are dopey. (Int -2) [potion of mutation]
 95086 | Tomb:2   | Lost mutation: You are agile. (Dex +2) [potion of mutation]
 95086 | Tomb:2   | Lost mutation: Your body sometimes deteriorates upon taking damage. [potion of mutation]
 95086 | Tomb:2   | Gained mutation: Scrolls take you a little longer to read. [potion of mutation]
 95086 | Tomb:2   | Gained mutation: Your mind is acute. (Int +2) [potion of mutation]
 95263 | Tomb:3   | Entered Level 3 of the Tomb of the Ancients
 95286 | Tomb:3   | Noticed Boris
 95304 | Tomb:3   | Noticed an ancient lich
 95307 | Tomb:3   | Killed Boris
 95311 | Tomb:3   | Noticed a greater mummy
 95317 | Tomb:3   | Noticed a greater mummy
 95317 | Tomb:3   | Noticed a greater mummy
 95318 | Tomb:3   | Noticed a greater mummy
 95320 | Tomb:3   | Noticed a greater mummy
 95320 | Tomb:3   | Noticed a greater mummy
 95321 | Tomb:3   | HP: 10/240 [bennu (5)]
 95322 | Tomb:3   | HP: 1/240 [phantasmal warrior[a mummy priest] (8)]
 95322 | Tomb:3   | Killed from afar by a greater mummy

Vault maps used:
D:1:      tarquinn_simple_flora_water_b
D:2:      minmay_distorted
D:3:      overflow_temple_1_default, first_bread,
          chequers_ecumenical_altar_island
D:4:      minmay_temple_entry_large_hall, serial_shops, nicolae_shop_crystal
D:5:      nicolae_ru_great_annihilating_truth, uniq_pikel
D:6:      kennysheep_mini, basic_altar, enter_ossuary_4, uniq_blork_the_orc
D:7:      fedhas_altar_fruit_tree
D:8:      the_bakery, uniq_erica, uniq_joseph
D:9:      lemuel_bear_cage, gammafunk_temple_overflow_claw,
          lightli_temple_of_fire, basic_altar, serial_bayou,
          serial_bayou_crossing, serial_bayou_lake_a, serial_bayou_pond_a
D:10:     special_room, hex_large, uniq_snorg
D:11:     lair_entry_dummy, david_orc_4
D:12:     evilmike_butchery
D:13:     serial_glass, glass_columns_a, glass_columns_b
D:14:     grunt_vaults_entry_tiered, serial_bayou_pond_c, uniq_urug
D:15:     hangedman_depths_entry_civil_slaughter, nicolae_benzene_ring
Temple:   regret_index_temple_generic_petals
Lair:1:   nicolae_lair_grove_arrangements, serial_bayou_pond_e, uniq_nergalle
Lair:2:   swamp_mist_pool, minmay_snake_entry_guardpost_medium
Lair:3:   beast_lair_carwin_large_3, minivault_23, serial_bayou_shore_a,
          minmay_lair_oklob_chamber
Lair:4:   nicolae_volcano_entry_hallway, kennysheep_basilisk_garden
Lair:5:   nicolae_slime_entry_slimehenge
Lair:6:   gammafunk_lair_ancient_temple
Swamp:1:  evilmike_swamp_ruin_house_3
Swamp:2:  infiniplex_staircase_pool_2, uniq_frances
Swamp:3:  hangedman_swamp_lotus, swamp_pool3
Swamp:4:  swamp_alternative
Snake:1:  uniq_aizul
Snake:3:  cheibrodos_snake_ritualist_ritual, nicolae_snake_lava_pool,
          uniq_vashnia
Snake:4:  minmay_snake_end_coiled, basic_altar, serial_bayou_pond_c,
          nicolae_snake_single_loop, minmay_shoptagon, uniq_mara
Slime:4:  nicolae_slime_barrier
Orc:1:    nicolae_orc_accident_1, serial_shops, nicolae_shop_stone,
          nicolae_shop_trees, shop, uniq_maurice
Orc:2:    grunt_orc_cross, serial_shops, nicolae_shop_crystal, basic_altar,
          chequers_guarded_unrand_ignorance
Elf:1:    eino_elf_arrival_the_gate, serial_shops, nicolae_shop_window_shopping,
          nicolae_shop_stone, nicolae_shop_temple_entry_statues_fountains, shop,
          shop
Elf:2:    basic_altar, nicolae_elf_stone_circles, spider_trap,
          minmay_misc_feat_pillars
Vaults:1: kb_rosetta, nicolae_vaults_hallways_thing, vaults_room_octagon,
          hangedman_vaults_slice, v_alt_pattern_1, v_misc_15,
          vaults_mumra_minichess, v_misc_18, v_rooms_3, ontoclasm_vaults_chip,
          vaults_room_door_ring, hangedman_vaults_slice,
          nicolae_vaults_little_squares_6, basic_altar
Vaults:2: ontoclasm_vaults_gallery, hangedman_vaults_slither, v_misc_17,
          vaults_dpeg_diagonal, v_pattern_1, v_misc_5, hangedman_vaults_stagger,
          vaults_dpeg_hooks, nicolae_vaults_network_quinsquares, v_misc_33,
          nicolae_vaults_little_squares_6, uniq_asterion
Vaults:3: minmay_crypt_entry_simple_plaza, v_alt_pattern_2,
          ontoclasm_vaults_gateway, ontoclasm_vaults_bender, v_misc_29,
          nicolae_vaults_little_squares_4, vaults_room_pools,
          nicolae_vaults_little_ls, hangedman_vaults_stream, v_misc_5,
          nicolae_vaults_circle_grid_b, serial_shops, bzr_entry_customers,
          uniq_donald, uniq_frederick
Vaults:4: nicolae_vaults_network_star, v_misc_9, v_misc_13,
          ontoclasm_vaults_loading_screen, st_spiral_rooms,
          nicolae_vaults_asterisk, v_misc_8, uniq_mennas
Vaults:5: serial_shops
Crypt:1:  minivault_5, uniq_xtahua
Crypt:2:  st_stairs_10, lemuel_elevator, grunt_megastairs_2
Crypt:3:  david_glass_crypt, nicolae_tomb_entry_unfolded_pyramid_diagonal
Tomb:3:   uniq_boris
Depths:1: grunt_pan_entry_zigzag, abyss_entry, hell_entry, grunt_decor_cap,
          kennysheep_potato, uniq_jorgrun, uniq_enchantress
Depths:2: lightli_eight_chambers, hell_entry, abyss_entry_small_statue_room,
          serial_sigils_hangedman_scratch
Depths:3: minmay_distorted_concentric_squares, rand_demon_pan_entry_7,
          moated_statue, grunt_hell_entry_dis_mu
Depths:4: minmay_three_patterns, enter_ziggurat_b, abyss_entry,
          hangedman_geh_valley, hangedman_decor_diamond_cutter
Depths:5: grunt_zot_entry_alcove, hellmouth_1, abandoned_shop, uniq_boris
Zot:2:    nicolae_zot_stationary_front, kennysheep_underground_church
Abyss:3:  abyss_greek_temple, doesnt_abyss_rune_brain_food,
          evilmike_abyss_exit_mutagenic
Bazaar:   bazaar_minmay_cross

Skill      XL: |  1  2  3  4  5  6  7  8  9 10 11 12 13 14 15 16 17 18 19 20 21 22 23 24 25 26 27 |
---------------+----------------------------------------------------------------------------------+-----
Fighting       | 4 5 6 7 8 9 10 11 12 13 14 15 16 17 18 19 20 21 22 23 24 26 | 26.5
Shields        | 4 5 6 7 8 9 10 11 12 13 14 15 | 15.1
Armour         | 4 5 6 7 8 9 10 11 12 13 14 15 16 17 18 19 20 21 22 23 25 | 25.4
Axes           | 3 4 5 6 8 9 10 11 12 13 14 15 16 18 19 20 21 22 23 24 25 26 27 | 27.0
Invocations    | 2 3 4 5 6 8 9 10 11 12 13 14 15 16 17 18 19 21 | 21.9
Dodging        | 2 4 6 8 9 11 12 13 14 15 16 17 18 19 20 22 | 22.8

Action                   |  1- 3 |  4- 6 |  7- 9 | 10-12 | 13-15 | 16-18 | 19-21 | 22-24 | 25-27 || total
-------------------------+-------+-------+-------+-------+-------+-------+-------+-------+-------++-------
Melee: War axe           |    85 |   188 |   182 |   582 |  1599 |   546 |       |       |       ||  3182
       Headbutt          |    11 |    28 |    35 |   147 |   413 |   440 |   501 |   370 |   476 ||  2421
       Battleaxe         |       |       |       |   166 |       |   332 |       |       |       ||   498
       Broad axe         |       |       |       |       |       |   676 |  1482 |   509 |       ||  2667
       Executioner's axe |       |       |       |       |       |       |       |   724 |  1513 ||  2237
 Fire: Hunting sling     |       |     4 |       |       |       |       |       |       |       ||     4
Throw: Stone             |    14 |    24 |    34 |    36 |     3 |     2 |       |     5 |       ||   118
Invok: Divine Shield     |       |       |       |     5 |    13 |    12 |    15 |    20 |     6 ||    71
       Cleansing Flame   |       |       |       |       |    14 |    24 |     1 |     2 |    19 ||    60
       Summon Divine War |       |       |       |       |     2 |     3 |    11 |     6 |    32 ||    54
       Brand Weapon With |       |       |       |       |       |       |       |       |     1 ||     1
Evoke: Wand              |       |       |     2 |     6 |    33 |    54 |     1 |       |       ||    96
       Sack of spiders   |       |       |       |       |     1 |       |       |       |       ||     1
  Use: Scroll            |       |     7 |     4 |     7 |    13 |    15 |    13 |    10 |    19 ||    88
       Potion            |       |     1 |     1 |     1 |     8 |     5 |    18 |    12 |    36 ||    82
  Eat: Chunk             |     1 |     3 |     7 |    13 |    14 |    14 |    23 |    15 |    11 ||   101
       Bread ration      |       |     2 |       |       |       |       |     2 |     4 |     1 ||     9
       Royal jelly       |       |       |     1 |     2 |     1 |     2 |     1 |     4 |     4 ||    15
       Meat ration       |       |       |       |     4 |     7 |    10 |     2 |     1 |     7 ||    31
       Fruit             |       |       |       |       |       |       |    11 |    13 |     5 ||    29
Armor: Scale mail        |    39 |    40 |       |       |       |       |       |       |       ||    79
       Plate armour      |       |    56 |   101 |   293 |   401 |     1 |       |       |       ||   852
       Swamp dragon scal |       |       |       |       |       |   291 |    89 |       |       ||   380
       Fire dragon scale |       |       |       |       |       |    52 |    66 |       |       ||   118
       Storm dragon scal |       |       |       |       |       |       |   124 |       |       ||   124
       Gold dragon scale |       |       |       |       |       |       |    21 |   553 |   743 ||  1317
Dodge: Dodged            |    26 |    49 |    28 |   204 |   405 |   810 |   665 |   589 |  1039 ||  3815
       Deflected         |       |       |     1 |     8 |    17 |    53 |    40 |    65 |    39 ||   223
Block: Shield            |    24 |    82 |    96 |   339 |   927 |   850 |   883 |   366 |       ||  3567
       Other             |       |       |       |    23 |       |     7 |       |   110 |    71 ||   211
       Reflection        |       |       |       |       |       |       |    46 |    31 |       ||    77

Table legend:
 A = Spawn XP
 B = Non-spawn XP
 C = Spawn XP percentage of total XP
 D = Spawn monster count
 E = Non-spawn monster count
 F = Spawn count percentage of total count
 G = Total turns spent on level
                    A         B        C        D         E        F      G
               +---------+---------+-------+---------+---------+-------+---------
         Total |   11293 | 1886795 |   0.6 |      27 |    2737 |   1.0 | 95322
               +---------+---------+-------+---------+---------+-------+---------
           D:1 |       0 |      36 |   0.0 |       0 |      23 |   0.0 |   697
           D:2 |       0 |      72 |   0.0 |       0 |      13 |   0.0 |  1299
           D:3 |       0 |     107 |   0.0 |       0 |      22 |   0.0 |   861
           D:4 |       0 |      94 |   0.0 |       0 |       6 |   0.0 |   856
           D:5 |       0 |    1258 |   0.0 |       0 |      23 |   0.0 |  1889
           D:6 |       0 |    1278 |   0.0 |       0 |      30 |   0.0 |   927
           D:7 |       0 |    2997 |   0.0 |       0 |      42 |   0.0 |  1162
           D:8 |       0 |    3374 |   0.0 |       0 |      28 |   0.0 |  1464
           D:9 |       0 |    3426 |   0.0 |       0 |      38 |   0.0 |  1991
          D:10 |       0 |    4053 |   0.0 |       0 |      54 |   0.0 |  1120
          D:11 |       0 |    6882 |   0.0 |       0 |      53 |   0.0 |  1512
          D:12 |       0 |    5241 |   0.0 |       0 |      24 |   0.0 |  1626
          D:13 |       0 |   11116 |   0.0 |       0 |      30 |   0.0 |  1441
          D:14 |       0 |   22826 |   0.0 |       0 |      57 |   0.0 |  2339
          D:15 |       0 |   24568 |   0.0 |       0 |      44 |   0.0 |  2815
        Lair:1 |       0 |    8091 |   0.0 |       0 |      30 |   0.0 |  1306
        Lair:2 |       0 |    5184 |   0.0 |       0 |      21 |   0.0 |  1482
        Lair:3 |       0 |   10012 |   0.0 |       0 |      30 |   0.0 |  1806
        Lair:4 |       0 |    4423 |   0.0 |       0 |      14 |   0.0 |  1152
        Lair:5 |       0 |    6293 |   0.0 |       0 |      31 |   0.0 |  1052
        Lair:6 |       0 |   17158 |   0.0 |       0 |      50 |   0.0 |  1612
       Swamp:1 |       0 |   11238 |   0.0 |       0 |      33 |   0.0 |  1347
       Swamp:2 |       0 |   19539 |   0.0 |       0 |      55 |   0.0 |  1829
       Swamp:3 |       0 |   12104 |   0.0 |       0 |      30 |   0.0 |  1413
       Swamp:4 |       0 |   25859 |   0.0 |       0 |      57 |   0.0 |  1352
       Snake:1 |       0 |   23941 |   0.0 |       0 |      41 |   0.0 |  1982
       Snake:2 |       0 |   14139 |   0.0 |       0 |      31 |   0.0 |  1465
       Snake:3 |       0 |    3535 |   0.0 |       0 |       6 |   0.0 |   345
       Snake:4 |       0 |   39279 |   0.0 |       0 |      67 |   0.0 |  3683
       Slime:1 |       0 |   26371 |   0.0 |       0 |      52 |   0.0 |   987
       Slime:2 |       0 |   14291 |   0.0 |       0 |      32 |   0.0 |   540
       Slime:3 |       0 |   15927 |   0.0 |       0 |      15 |   0.0 |   753
       Slime:4 |       0 |   15991 |   0.0 |       0 |      20 |   0.0 |   866
       Slime:5 |       0 |   61613 |   0.0 |       0 |      47 |   0.0 |  1344
         Orc:1 |       0 |    8286 |   0.0 |       0 |      66 |   0.0 |  1307
         Orc:2 |       0 |   10653 |   0.0 |       0 |      71 |   0.0 |  1814
         Elf:1 |       0 |   11189 |   0.0 |       0 |      21 |   0.0 |  1400
         Elf:2 |       0 |   40815 |   0.0 |       0 |      64 |   0.0 |  1217
      Vaults:1 |       0 |   45713 |   0.0 |       0 |      70 |   0.0 |  2545
      Vaults:2 |       0 |   29622 |   0.0 |       0 |      53 |   0.0 |  2154
      Vaults:3 |       0 |   34101 |   0.0 |       0 |      50 |   0.0 |  2365
      Vaults:4 |       0 |   77611 |   0.0 |       0 |     109 |   0.0 |  3503
      Vaults:5 |       0 |  156776 |   0.0 |       0 |     128 |   0.0 |  2989
       Crypt:1 |       0 |   22856 |   0.0 |       0 |      25 |   0.0 |   814
       Crypt:2 |       0 |   36498 |   0.0 |       0 |      57 |   0.0 |   729
       Crypt:3 |       0 |   50469 |   0.0 |       0 |      58 |   0.0 |   949
        Tomb:1 |       0 |  151407 |   0.0 |       0 |     105 |   0.0 |  3326
        Tomb:2 |       0 |   36250 |   0.0 |       0 |      55 |   0.0 |   905
        Tomb:3 |       0 |   26139 |   0.0 |       0 |      26 |   0.0 |    59
      Depths:1 |       0 |   68520 |   0.0 |       0 |     109 |   0.0 |  2259
      Depths:2 |       0 |   80720 |   0.0 |       0 |      78 |   0.0 |  3917
      Depths:3 |       0 |   44764 |   0.0 |       0 |      48 |   0.0 |  2716
      Depths:4 |       0 |   75347 |   0.0 |       0 |      58 |   0.0 |  2721
      Depths:5 |       0 |   51868 |   0.0 |       0 |      61 |   0.0 |  1047
         Zot:1 |       0 |   55214 |   0.0 |       0 |      38 |   0.0 |  1761
         Zot:2 |       0 |   49886 |   0.0 |       0 |      38 |   0.0 |  1229
         Zot:3 |       0 |   62112 |   0.0 |       0 |      36 |   0.0 |  1350
         Zot:4 |       0 |   43953 |   0.0 |       0 |      23 |   0.0 |  1425
         Zot:5 |       0 |  160358 |   0.0 |       0 |      60 |   0.0 |  1430
       Abyss:1 |    3769 |    2297 |  62.1 |       3 |      10 |  23.1 |   133
       Abyss:2 |    1628 |    5404 |  23.2 |       6 |      15 |  28.6 |   234
       Abyss:3 |    5896 |   25651 |  18.7 |      18 |      56 |  24.3 |   419
               +---------+---------+-------+---------+---------+-------+---------
